 Dungeon Crawl Stone Soup version 0.29.1-15-g9cfb28693d (webtiles) character file.

Game seed: 8285281198687843942

7 ChrisAssaf the Sneak (level 2, -1/22 HPs)
             Began as a Naga Enchanter on Apr 18, 2023.
             Slain by a goblin
             ... wielding a +0 club
             ... led by Robin
              (4 damage)
             ... on level 2 of the Dungeon on Apr 19, 2023.
             The game lasted 00:01:58 (464 turns).

ChrisAssaf the Sneak (Naga Enchanter)                Turns: 464, Time: 00:01:59

Health: -1/22      AC:  1    Str: 10    XL:     2   Next: 4%
Magic:  1/5        EV:  9    Int: 15    God:
Gold:   35         SH:  0    Dex: 11    Spells: 3/5 levels left

rFire   . . .      SeeInvis +   a - +1 dagger
rCold   . . .      Faith    .   (no shield)
rNeg    . . .      Spirit   .   b - +0 robe
rPois   +          Reflect  .   (no helmet)
rElec   .          Harm     .   (no cloak)
rCorr   .          Rampage  .   (no gloves)
Will    .....                   (no barding)
Stlth   +++.......              (no amulet)
HPRegen 0.07/turn               (no ring)
MPRegen 0.09/turn               (no ring)

@: very slightly contaminated, invisible, very slow
A: AC +0, large, see invisible, deformed body, poison resistance, slowness 2,
spit poison 1, naga tail 1
a: Spit Poison


You were on level 2 of the Dungeon.
You visited 1 branch of the dungeon, and saw 2 of its levels.

You collected 35 gold pieces.

Inventory:

Hand Weapons
 a - a +1 dagger (weapon)
Armour
 b - a +0 robe (worn)
Scrolls
 d - a scroll of fear {unknown}


   Skills:
 * Level 0.2 Fighting
 * Level 1.0 Short Blades
 * Level 1.6 Dodging
 * Level 4.6 Stealth
 * Level 2.0 Spellcasting
 * Level 3.2 Hexes


You had 3 spell levels left.
You knew the following spells:

 Your Spells              Type           Power      Damage    Failure   Level
a - Ensorcelled Hibernat  Hex/Ice        12%        N/A       17%         2

Your spell library contained the following spells:

 Spells                   Type           Power      Damage    Failure   Level
 Confusing Touch          Hex            11%        N/A       19%         3
 Tukima's Dance           Hex            11%        N/A       19%         3
 Dazzling Flash           Conj/Hex       12%        N/A       34%         3


Dungeon Overview and Level Annotations

Branches:
Dungeon (2/15)

Altars:


Innate Abilities, Weirdness & Mutations

Your serpentine skin is tough. (AC +0)
You have supernaturally acute eyesight. (SInv)
Armour fits poorly on your strangely shaped body.
Your system is resistant to poisons. (rPois)
You cover ground very slowly.
You can spit poison.
You have a snake-like lower body.


Message History

The splash of poison hits the frilled lizard!
The frilled lizard is poisoned.
You kill the frilled lizard!
You hear a shout!
The goblin shouts!
A goblin comes into view. It is wielding a +0 dagger.
Found a hand axe.
You hear a shout! x3; The goblin shouts!
A hobgoblin comes into view.
A goblin comes into view. It is wielding a +0 dagger.
You hear a shout! x2
You hear a shout!
A goblin comes into view. It is wielding a +0 dagger.
The goblin attacks as you move away! The goblin hits you with a +0 club.
You have got your breath back.
Aiming: Ensorcelled Hibernation (safe; 17% risk of failure)
Press: ? - help, Q - select action, (/) - cycle Shift-Dir - straight line, f - goblin
Aim: a goblin, wielding a +0 club (chance to affect: 57%)
The goblin resists with significant effort.
You barely miss the goblin. The goblin closely misses you.
Aiming: Ensorcelled Hibernation (safe; 17% risk of failure)
Press: ? - help, Q - select action, (/) - cycle Shift-Dir - straight line, f/p - goblin
Aim: a goblin, wielding a +0 club (chance to affect: 57%)
You miscast Ensorcelled Hibernation.
You are very lightly contaminated with residual magic.
Nothing appears to happen.
The goblin hits you with a +0 club. The goblin completely misses you.
The goblin attacks as you move away! The goblin closely misses you.
The goblin hits you with a +0 club. The goblin attacks as you move away!
The goblin hits you with a +0 dagger. The goblin attacks as you move away!
The goblin hits you with a +0 club. The goblin barely misses you.
The goblin hits you but does no damage. The goblin hits you with a +0 club.
The goblin attacks as you move away! The goblin hits you with a +0 club.
* * * LOW HITPOINT WARNING * * *
The goblin attacks as you move away! The goblin closely misses you.
The goblin hits you with a +0 dagger.
* * * LOW HITPOINT WARNING * * *
You fade into invisibility!
The goblin hits you with a +0 club.
You die...

..gg###......#
#....†...#
#.#.# #
##.#.##### #.
##.........
#.##.g....####
###....gg...#
......g.g..##
##.#.#g@g..#
#. #.##..#.# #
#.......####
#.
####........
#.###....#####
#.<.#####
#####


You could see a hobgoblin (unable to see you) and 6 goblins.

Vanquished Creatures
  2 goblins (D:1)
  A kobold (D:1)
  A quokka (D:1)
  2 bats (D:1)
  A frilled lizard (D:2)
7 creatures vanquished.

Notes
Turn   | Place    | Note
-------+----------+-------------------------------------------
     0 | D:1      | ChrisAssaf the Naga Enchanter began the quest for the Orb.
     0 | D:1      | Reached XP level 1. HP: 15/15 MP: 3/3
   421 | D:1      | Reached XP level 2. HP: 20/22 MP: 5/5
   424 | D:1      | Learned a level 2 spell: Ensorcelled Hibernation
   464 | D:2      | Slain by a goblin

Illustrated notes

Levels and vault maps discovered:
D:1:      dpeg_arrival_circle_labyrinth_a, layout_basic
D:2:      layout_loops_ring, basic_altar, uniq_jessica, uniq_robin, uniq_natasha

Action                   || total
-------------------------++-------
Melee: Dagger            ||    11
 Cast: Ensorcelled Hiber ||     1
 Abil: Spit Poison       ||     8
  Use: Potion            ||     2
 Stab: Invisible         ||     1
Armor: Robe              ||     5
Dodge: Dodged            ||    15
